 Dungeon Crawl Stone Soup version 0.25.0-1-g7eea58d (webtiles) character file.

Game seed: 16558139855060824467

12562 edsrzf the Martial Artist (level 11, -6/52 HPs)
             Began as a Vine Stalker Air Elementalist on June 28, 2020.
             Was a High Priest of Cheibriados.
             Mangled by an ice devil (10 damage)
             ... in an ice cave.
             The game lasted 00:39:05 (11863 turns).

edsrzf the Martial Artist (VSAE)                   Turns: 11863, Time: 00:39:05

Health: -6/52      AC: 14    Str: 23    XL:     11   Next: 95%
Magic:  0/22       EV: 17    Int: 28    God:    Cheibriados [*****.]
Gold:   511        SH:  5    Dex: 26    Spells: 11/24 levels left

rFire    . . .     SeeInvis .     - Unarmed
rCold    + . .     Gourm    .   (no shield)
rNeg     . . .     Faith    .   G - +5 ring mail of Elyvilon's Indignation {+Fly}
rPois    .         Spirit   +   (no helmet)
rElec    .         Reflect  +   m - +2 cloak
rCorr    .         Harm     .   (no gloves)
MR       +....                  h - +0 pair of boots
Stlth    ++........             O - amulet of reflection
HPRegen  0.57/turn              q - ring of protection from cold
MPRegen  0.18/turn              v - +4 ring of evasion

@: about to teleport, very slow
A: fangs 3, regeneration 1, magic shield, antimagic bite, no potion heal 3, rot
immunity
a: Bend Time, Temporal Distortion, Slouch, Step From Time, Renounce Religion,
Evoke Flight


You were in an ice cave.
You worshipped Cheibriados.
Cheibriados was extremely pleased with you.
You were not hungry.

You visited 3 branches of the dungeon, and saw 14 of its levels.
You also visited: Ossuary and Ice Cave.

You collected 731 gold pieces.
You spent 220 gold pieces at shops.

Inventory:

Hand Weapons
 a - a +6 short sword of venom
 b - a +4 rapier
Missiles
 j - 9 curare-tipped darts (quivered)
 l - 5 atropa-tipped darts
 p - 25 poisoned darts
 K - a throwing net {=f}
Armour
 h - a +0 pair of boots (worn)
 m - a +2 cloak (worn)
 G - the +5 ring mail of Elyvilon's Indignation (worn) {+Fly}
   (You found it on level 6 of the Dungeon)

   It lets you fly.
Jewellery
 e - an uncursed ring of stealth
 o - a +4 ring of protection
 q - a ring of protection from cold (left hand)
 u - an uncursed amulet of faith {unknown}
 v - a +4 ring of evasion (right hand)
 z - a +4 ring of evasion
 O - an amulet of reflection (around neck)
 P - an uncursed ring of magical power
Wands
 g - a wand of flame (23)
 y - a wand of iceblast (21)
 H - a wand of polymorph (2)
Scrolls
 d - 5 scrolls of remove curse {@r2}
 k - 4 scrolls of amnesia
 n - 2 scrolls of enchant weapon
 w - a scroll of enchant armour {unknown}
 D - 2 scrolls of immolation
 I - a scroll of fear
 J - a scroll of teleportation {@r3}
 M - a scroll of vulnerability {unknown}
Potions
 i - 3 potions of curing
 r - a potion of mutation {!q}
 A - a potion of lignification
 B - 3 potions of stabbing
 C - a potion of magic
 E - 3 potions of might {unknown}
 F - 3 potions of heal wounds {unknown}
 L - 2 potions of ambrosia {unknown}
 N - 2 potions of brilliance {unknown}
Miscellaneous
 f - a box of beasts
Comestibles
 c - 16 rations


   Skills:
 - Level 3.0 Fighting
 - Level 3.0 Armour
 - Level 3.0 Dodging
 - Level 2.4 Stealth
 + Level 12.3 Unarmed Combat
 - Level 7.0 Spellcasting
 - Level 7.0 Conjurations
 - Level 3.1 Translocations
 - Level 7.0 Air Magic
 + Level 3.2 Invocations


You had 11 spell levels left.
You knew the following spells:

 Your Spells              Type           Power        Failure   Level  Hunger
a - Airstrike             Air            #####.....   4%          4    ##.....
b - Blink                 Tloc           N/A          3%          2    None
d - Static Discharge      Conj/Air       #####...     1%          3    None
x - Shock                 Conj/Air       ####         1%          1    None
C - Mephitic Cloud        Conj/Pois/Air  #####...     3%          3    None

Your spell library contained the following spells:

 Spells                   Type           Power        Failure   Level  Hunger
 Magic Dart               Conj           ####         1%          1    None
 Swiftness                Chrm/Air       ####....     3%          2    None
 Conjure Flame            Conj/Fire      ####....     6%          3    None
 Call Imp                 Summ           #.......     13%         2    None
 Slow                     Hex            #.......     13%         2    None
 Lightning Bolt           Conj/Air       #####.....   13%         5    #####..


Dungeon Overview and Level Annotations

Branches:
Dungeon (11/15)            Temple (1/1) D:7            Lair (2/6) D:9
 Shoals (0/4) Lair:2          Orc (0/2) D:9         Ossuary (visited)
  IceCv (1/1)
  Snake: Lair:2-4    Spider: Lair:2-4

Altars:
Ashenzari
Cheibriados
Dithmenos
Elyvilon
Fedhas
Gozag
Hepliaklqana
Kikubaaqudgha
Makhleb
Nemelex Xobeh
Okawaru
Qazlal
Ru
Sif Muna
Trog
Uskayaw
Vehumet
Wu Jian
Xom
Yredelemnul
Zin
The Shining One

Shops:
D:4 :

Annotations:
D:11 exclusions: hornet, manticore and orc, Snorg


Innate Abilities, Weirdness & Mutations

You have razor-sharp teeth.
Your natural rate of healing is unusually fast.
When hurt, damage is shared between your health and your magic reserves.
Your bite disrupts and absorbs the magic of your enemies.
Potions cannot restore your health.
You are immune to rotting.


Message History

The ice statue is moderately damaged.
The ice statue gestures.
You pummel the ice statue!! You bite the ice statue.
The ice statue's magic leaks into the air.
You drain its magic.
The ice statue is severely damaged.
The ice beast hits you but does no damage.
You block the ice beast's attack.
You hit the ice statue but do no damage.
You bite the ice statue, but do no damage.
The ice statue is severely damaged.
The ice statue gestures at you. The ice beast barely misses you.
The ice beast closely misses you.
You punch the ice statue! x2
You destroy the ice statue!
Cheibriados thoroughly appreciates the change of pace.
The ice beast disappears in a puff of smoke! x2
You are engulfed in freezing vapours.
You resist.
The ice statue gestures.
You hit the ice beast. Your bite misses the ice beast.
The ice beast is moderately wounded.
You hit the ice beast. You punch the ice beast! Your bite misses the ice beast.
The ice beast is heavily wounded.
The ice beast completely misses you.
You punch the ice beast!
You punch the ice beast, but do no damage.
Your bite misses the ice beast.
The ice beast is severely wounded.
The ice beast misses you. You block the ice beast's attack.
You punch the ice beast!
You kill the ice beast!
You punch the ice beast! Your bite misses the ice beast.
The ice beast is almost dead.
The ice beast barely misses you.
You punch the ice beast!
You kill the ice beast!
Really walk into a travel-excluded area?
Really walk into a travel-excluded area?
The ice statue gestures.
The ice statue gestures at you. The shard of ice hits you!!
You partially resist.
You punch the ice statue!
You bite the ice statue, but do no damage.
The ice statue is lightly damaged.
You hit the ice statue but do no damage.
You bite the ice statue, but do no damage.
The ice statue is lightly damaged.
The ice beast barely misses you.
You pummel the ice statue!!
You punch the ice statue, but do no damage.
You bite the ice statue!
The ice statue's magic leaks into the air.
You drain its magic.
You feel invigorated.
The ice statue is heavily damaged.
The ice statue falters for a moment.
The ice beast hits you but does no damage.
You hit the ice statue but do no damage.
You bite the ice statue!
The ice statue's magic leaks into the air.
You drain its magic.
The ice statue is severely damaged.
The ice beast misses you.
You hit the ice statue but do no damage.
You bite the ice statue.
The ice statue's magic leaks into the air.
You drain its magic.
The ice statue is almost destroyed.
The ice beast misses you.
The ice statue glitters chillingly in the dim dungeon light.
The ice statue falters for a moment.
You punch the ice statue!
You destroy the ice statue!
Cheibriados appreciates the change of pace.
The ice beast disappears in a puff of smoke!
Your Invocations skill increases to level 3!
You start resting.
HP restored.
Autoexplore disabled on this floor!
Autoexplore enabled for IceCv You are engulfed in freezing vapours.
You resist.
Found a triple sword of freezing.
You are engulfed in freezing vapours.
You resist.
Found a triple sword of freezing. 2 ice devils come into view.
You are engulfed in freezing vapours.
You resist.
An ice devil comes into view.
You are engulfed in freezing vapours.
You resist. The ice devil completely misses you.
The ice devil hits you but does no damage.
Okay, then.
Casting: Shock (safe; 1% risk of failure)
Confirm with . or Enter, or press ? or * to list all spells.
You blink.
You are engulfed in freezing vapours.
You resist.
Unknown command.
As you read the scroll of teleportation {@r3}, it crumbles to dust.
You feel strangely unstable.
You are engulfed in freezing vapours.
You resist.
* * * LOW HITPOINT WARNING * * *
You are engulfed in freezing vapours.
You resist.
* * * LOW HITPOINT WARNING * * *
The ice devil hits you!
You die...

#
#....§§§#
##.....##
#....##
##..##
#...##
##...#
#..##
#..§####
##°@#°.##
#44#§..##
#°§§§°..#
#○4§##..#
#§§### .#
##○#.##
#§§§.#
#.§.§##
#....#


You could see 3 ice devils.

Vanquished Creatures
  Erica (D:10)
  A two-headed ogre (D:11)
  An ugly thing (D:11)
  Maurice (D:9)
  Psyche (D:10)
  2 centaur skeletons
  2 ice statues (IceCv)
  2 gargoyles
  2 komodo dragons
  2 ice devils (Lair:2)
  2 trolls
  4 blink frogs (Lair:2)
  2 hippogriffs
  A wyvern (D:9)
  A steam dragon (D:11)
  3 wargs (D:9)
  2 porcupines (D:9)
  A black bear (D:11)
  2 ice beasts
  2 sky beasts
  4 orc warriors
  A necrophage (D:10)
  6 ogres
  2 centaurs
  2 crocodiles
  3 big kobolds (D:7)
  Blork the orc (D:5)
  9 bullfrogs
  3 elf zombies
  A water moccasin zombie (D:10)
  2 elf skeletons (D:6)
  2 scorpions
  7 killer bees
  2 howler monkeys
  A centaur zombie (Ossuary)
  5 crimson imps
  3 orc priests
  A bullfrog zombie (D:7)
  2 hounds
  6 jellies
  A human zombie (Ossuary)
  11 orc wizards
  2 bullfrog skeletons
  2 iguanas
  Jessica (D:2)
  2 human skeletons (D:6)
  8 worker ants
  A hell rat (D:9)
  2 killer bee zombies (D:6)
  2 big kobold zombies (Ossuary)
  A hound skeleton (D:8)
  2 mummies (Ossuary)
  A howler monkey zombie (D:8)
  12 adders
  3 river rats (D:9)
  2 shadow imps
  5 white imps (IceCv)
  5 ufetubi (IceCv)
  3 oozes
  2 adder zombies
  2 adder skeletons
  4 worms
  3 leopard geckos
  36 orcs
  2 ball pythons
  9 giant cockroaches
  8 goblins
  5 hobgoblins
  10 jackals
  8 quokkas
  8 bats
  6 frilled lizards
  11 hobgoblin zombies (Ossuary)
  23 kobolds
  10 kobold zombies (Ossuary)
  8 orc zombies
  A quokka skeleton (D:8)
  11 rats
  2 rat zombies (Ossuary)
333 creatures vanquished.

Vanquished Creatures (others)
  A white imp (IceCv)
  3 ufetubi (IceCv)
  An orc (D:11)
  A fungus (Lair:2)
6 creatures vanquished.

Grand Total: 339 creatures vanquished

Notes
Turn   | Place    | Note
-------+----------+-------------------------------------------
     0 | D:1      | edsrzf the Vine Stalker Air Elementalist began the quest
                  | for the Orb.
     0 | D:1      | Reached XP level 1. HP: 9/9 MP: 4/4
   564 | D:1      | Reached skill level 2 in Conjurations
   564 | D:1      | Reached XP level 2. HP: 11/13 MP: 3/6
  1008 | D:2      | Found a hide-covered altar of Uskayaw.
  1027 | D:2      | Reached skill level 1 in Fighting
  1027 | D:2      | Reached XP level 3. HP: 16/18 MP: 1/8
  1358 | D:2      | Noticed Jessica
  1372 | D:2      | Killed Jessica
  1372 | D:2      | Reached skill level 3 in Spellcasting
  1372 | D:2      | Gained mutation: Your natural rate of healing is unusually
                  | fast. [Vine Stalker growth]
  1372 | D:2      | Reached XP level 4. HP: 23/23 MP: 0/9
  1563 | D:2      | Reached skill level 2 in Fighting
  2078 | D:2      | Reached skill level 3 in Conjurations
  2078 | D:2      | Reached XP level 5. HP: 24/26 MP: 1/10
  3266 | D:4      | Reached XP level 6. HP: 30/30 MP: 10/12
  3334 | D:4      | Reached skill level 4 in Conjurations
  3379 | D:4      | Found Xerchehae's Book Shoppe.
  3388 | D:4      | Learned a level 2 spell: Swiftness
  3392 | D:4      | Learned a level 3 spell: Static Discharge
  3933 | D:5      | Entered Level 5 of the Dungeon
  3933 | D:5      | Noticed an ice beast
  3940 | D:4      | Killed an ice beast
  3940 | D:4      | Reached skill level 4 in Spellcasting
  3980 | D:5      | Reached skill level 4 in Air Magic
  4048 | D:5      | Reached XP level 7. HP: 35/35 MP: 11/14
  4247 | D:5      | Noticed Blork the orc
  4291 | D:5      | Killed Blork the orc
  4291 | D:5      | Reached skill level 5 in Conjurations
  4593 | D:5      | Reached skill level 5 in Spellcasting
  5164 | D:6      | Reached skill level 5 in Air Magic
  5164 | D:6      | Gained mutation: You have razor-sharp teeth. [Vine Stalker
                  | growth]
  5164 | D:6      | Reached XP level 8. HP: 39/39 MP: 8/16
  5193 | D:6      | Found a sand-covered staircase.
  5214 | Ossuary  | Entered an ossuary
  5595 | Ossuary  | Reached skill level 6 in Conjurations
  5800 | Ossuary  | Identified 3 scrolls of remove curse
  5801 | Ossuary  | Identified 3 scrolls of identify
  5801 | Ossuary  | Identified 3 potions of curing
  5802 | Ossuary  | Identified 3 potions of degeneration
  5805 | Ossuary  | Identified 3 potions of stabbing
  6022 | D:6      | Reached skill level 6 in Spellcasting
  6108 | D:6      | Identified a potion of mutation
  6322 | D:6      | Reached skill level 6 in Air Magic
  6337 | D:6      | Got a distressingly furry ring mail
  6348 | D:6      | Identified the +5 ring mail of Elyvilon's Indignation
                  | {+Fly} (You found it on level 6 of the Dungeon)
  6602 | D:7      | Reached XP level 9. HP: 42/42 MP: 19/19
  6715 | D:7      | Reached skill level 7 in Conjurations
  6755 | D:7      | Reached skill level 1 in Armour
  6765 | D:7      | Reached skill level 7 in Spellcasting
  6921 | D:7      | Found a staircase to the Ecumenical Temple.
  6975 | Temple   | Entered the Ecumenical Temple
  7060 | Temple   | Became a worshipper of Cheibriados the Contemplative
  7119 | D:7      | Reached skill level 2 in Armour
  7119 | D:7      | Reached skill level 7 in Air Magic
  7265 | D:7      | Reached skill level 2 in Dodging
  7514 | D:7      | Identified 4 scrolls of amnesia
  7752 | D:8      | Reached * piety under Cheibriados
  7829 | D:8      | Reached skill level 3 in Armour
  7976 | D:8      | Reached skill level 3 in Dodging
  8058 | D:8      | Reached skill level 1 in Unarmed Combat
  8079 | D:8      | Reached skill level 3 in Fighting
  8152 | D:8      | Reached skill level 2 in Unarmed Combat
  8224 | D:8      | Identified a potion of lignification
  8465 | D:8      | Reached ** piety under Cheibriados
  8659 | D:4      | Bought a book of Minor Magic for 220 gold pieces
  8662 | D:4      | Learned a level 2 spell: Blink
  8835 | D:9      | Reached skill level 3 in Unarmed Combat
  8839 | D:9      | Reached skill level 1 in Translocations
  8972 | D:9      | Noticed a death yak
  8972 | D:9      | Noticed a troll
  8973 | D:9      | Noticed a death yak
  8974 | D:9      | Identified 2 scrolls of random uselessness
  8974 | D:9      | Noticed a death yak
  8975 | D:9      | Identified 2 scrolls of enchant weapon
  8976 | D:9      | Identified 2 scrolls of noise
  8977 | D:9      | Identified 2 scrolls of blinking
  8980 | D:9      | Identified 2 scrolls of immolation
  8981 | D:9      | Identified 2 scrolls of fear
  8992 | D:9      | Identified 2 scrolls of teleportation
  9047 | D:9      | Reached XP level 10. HP: 49/49 MP: 21/21
  9138 | D:9      | Reached skill level 2 in Translocations
  9167 | D:9      | Reached skill level 4 in Unarmed Combat
  9172 | D:9      | Reached skill level 3 in Translocations
  9210 | D:9      | Found a staircase to the Orcish Mines.
  9413 | D:9      | Reached skill level 5 in Unarmed Combat
  9469 | D:9      | Noticed Maurice
  9497 | D:9      | Reached *** piety under Cheibriados
  9497 | D:9      | Reached skill level 6 in Unarmed Combat
  9522 | D:10     | Entered Level 10 of the Dungeon
  9635 | D:10     | Identified a potion of magic
  9709 | D:10     | Noticed a gargoyle
  9711 | D:10     | Killed a gargoyle
  9711 | D:10     | Reached skill level 7 in Unarmed Combat
 10137 | D:10     | Reached skill level 8 in Unarmed Combat
 10220 | D:10     | Noticed Psyche
 10235 | D:10     | Learned a level 3 spell: Mephitic Cloud
 10272 | D:10     | Killed Psyche
 10596 | D:11     | Noticed a manticore
 10622 | D:11     | Reached skill level 9 in Unarmed Combat
 10671 | D:11     | Noticed a gargoyle
 10684 | D:11     | Killed a gargoyle
 10684 | D:11     | Reached XP level 11. HP: 21/52 MP: 11/22
 10758 | D:11     | Found an iron altar of Okawaru.
 10838 | D:11     | Noticed a brown ugly thing
 10919 | D:11     | Reached **** piety under Cheibriados
 11005 | D:11     | Noticed a two-headed ogre
 11013 | D:11     | Killed a two-headed ogre
 11013 | D:11     | Reached skill level 10 in Unarmed Combat
 11173 | D:11     | Killed a brown ugly thing
 11175 | D:11     | Noticed Snorg
 11249 | D:9      | Noticed Erica
 11259 | D:10     | Killed Erica
 11259 | D:10     | Reached skill level 11 in Unarmed Combat
 11325 | D:9      | Found a staircase to the Lair.
 11343 | D:9      | Killed Maurice
 11419 | Lair:1   | Entered Level 1 of the Lair of Beasts
 11517 | Lair:1   | You fall into a shaft and drop 1 floor!
 11536 | Lair:2   | Identified a scroll of fog
 11537 | Lair:2   | Identified a scroll of magic mapping
 11555 | Lair:2   | Reached skill level 12 in Unarmed Combat
 11555 | Lair:2   | Reached skill level 1 in Invocations
 11573 | Lair:2   | Reached ***** piety under Cheibriados
 11646 | Lair:2   | Reached skill level 2 in Invocations
 11678 | Lair:2   | Found a frozen archway.
 11691 | Lair:2   | Learned a level 4 spell: Airstrike
 11717 | IceCv    | Entered an ice cave
 11807 | IceCv    | Reached skill level 3 in Invocations
 11862 | IceCv    | HP: 2/52 [something (12)]
 11863 | IceCv    | Mangled by an ice devil

Illustrated notes

Levels and vault maps discovered:
D:1:      lemuel_arrival_lava_pool, layout_basic
D:2:      minmay_chambers_of_twos, layout_rooms, overflow_temple_1_default,
          kennysheep_nub, uniq_jessica
D:3:      layout_basic
D:4:      layout_rooms, serial_shops, nicolae_shop_crystal, first_ration
D:5:      layout_cave_pools, kennysheep_dice, uniq_blork_the_orc
D:6:      layout_gridville, nicolae_ossuary_entry_catacombs,
          minmay_joined_circles
D:7:      layout_loops_ring, minmay_temple_entry_mist, grunt_ogre_cave
D:8:      layout_loops_ring
D:9:      layout_loops_ring, dpeg_lair_monsters, minmay_orc_entry_guard_dogs,
          uniq_maurice, uniq_erica
D:10:     layout_basic, uniq_psyche
D:11:     layout_loops_ring, special_room [special_room_orc],
          okawaru_ov_weapons_minmay, uniq_snorg
Temple:   dpeg_three_leaves_temple
Lair:1:   layout_roguey, wad_woods_03, lemuel_fruit_tree, lemuel_fruit_fields
Lair:2:   layout_misc_corridors, minmay_shoals_entry_centaurs,
          portal_ice_cave_demonic_guard
IceCv:    ice_cave_small_demon

Skill      XL: |  1  2  3  4  5  6  7  8  9 10 11 |
---------------+----------------------------------+-----
Conjurations   | 2 3 4 5 6 7 |  7.0
Fighting       | 1 2 3 |  3.0
Spellcasting   | 3 4 5 6 7 |  7.0
Air Magic      | 4 5 6 7 |  7.0
Armour         | 3 |  3.0
Dodging        | 3 |  3.0
Unarmed Combat | 3 9 12 | 12.3
Translocations | 1 3 |  3.1
Invocations    | 3 |  3.2
Stealth        | |  2.4

Action                   |  1- 3 |  4- 6 |  7- 9 | 10-12 || total
-------------------------+-------+-------+-------+-------++-------
Melee: Short sword       |     7 |    14 |   101 |   195 ||   317
       Bite              |     3 |     2 |    50 |   136 ||   191
       Rapier            |       |     4 |   100 |    43 ||   147
       Punch             |       |       |       |    30 ||    30
       Unarmed           |       |       |       |    51 ||    51
Throw: Dart              |       |       |     1 |     2 ||     3
       Throwing net      |       |       |       |     2 ||     2
 Cast: Shock             |    64 |   150 |   262 |   135 ||   611
       Static Discharge  |       |       |     4 |     3 ||     7
       Blink             |       |       |       |     6 ||     6
       Mephitic Cloud    |       |       |       |     3 ||     3
Evoke: Wand              |       |       |       |     7 ||     7
  Use: Scroll            |       |       |    14 |     7 ||    21
 Stab: Sleeping          |       |       |     4 |     1 ||     5
       Distracted        |       |       |     1 |       ||     1
       Confused          |       |       |       |     1 ||     1
  Eat: Chunk             |     2 |     8 |    11 |     4 ||    25
       Ration            |       |       |     1 |     1 ||     2
Armor: Robe              |     2 |    23 |    44 |       ||    69
       Ring mail         |       |       |    44 |    91 ||   135
Dodge: Dodged            |    13 |    26 |   186 |   221 ||   446
Block: Other             |       |       |       |    69 ||    69
       Reflection        |       |       |       |     4 ||     4
